PIO (24 & UNDER)
SASKATOON SMOKIN' GUNS @ EAU CLAIRE ESQUIRES
04/26/2025
 
TOP OF THE 1ST
Saskatoon Smokin' Guns batting - Pitching for Eau Claire Esquires : RHP Armando Torres
Pitching: RHP Armando Torres
Batting: RHB Peter Bryant 0-0: Ball
1-0: Ball
2-0: Called Strike
2-1: Ball
3-1: Called Strike
3-2: Ground out 6-3 (Groundball, 6)
Batting: RHB Kenny Thompson 0-0: SINGLE (Groundball, 6MD)
Batting: LHB Raúl Casillán 0-0: Ball
1-0: Ball
2-0: Grounds into double play, 1-6-3 (Groundball, 15)
Top of the 1st over - 0 run(s), 1 hit(s), 0 error(s), 0 left on base; Saskatoon 0 - Eau Claire 0
BOTTOM OF THE 1ST
Eau Claire Esquires batting - Pitching for Saskatoon Smokin' Guns : RHP William Bryan
Pitching: RHP William Bryan
Batting: LHB John Frost 0-0: Ball
1-0: Ball
2-0: Called Strike
2-1: Swinging Strike
2-2: Ball
3-2: Foul Ball, location: 2F
3-2: Strikes out looking
Batting: RHB Javier Reyes 0-0: Foul Ball, location: 2F
0-1: Foul Ball, location: 2F
0-2: Ball
1-2: Foul Ball, location: 2F
1-2: Strikes out swinging
Batting: SHB António De La Cruz 0-0: Ground out U3 (Groundball, 3)
Bottom of the 1st over - 0 run(s), 0 hit(s), 0 error(s), 0 left on base; Saskatoon 0 - Eau Claire 0
TOP OF THE 2ND
Saskatoon Smokin' Guns batting - Pitching for Eau Claire Esquires : RHP Armando Torres
Batting: LHB José Liñares 0-0: SINGLE (Flyball, 7LS)
Batting: LHB Russell Peck 0-0: Ball
1-0: Foul Ball, location: 2F
1-1: Called Strike
1-2: Foul Ball, location: 2F
1-2: Ball
2-2: Foul Ball, location: 2F
2-2: Ball
3-2: Fly out, F9 (Flyball, 9M)
Batting: RHB Ben Fisher 0-0: Called Strike
0-1: Swinging Strike
0-2: Foul Ball, location: 2F
0-2: Foul Ball, location: 2F
0-2: Ball
1-2: SINGLE (Groundball, 25) (infield hit)
José Liñares to second
Batting: RHB Xavier López 0-0: SINGLE (Groundball, 56D)
José Liñares to third
Ben Fisher to second
Runner from 3rd tries for Home, SAFE, no throw or cutoff
Batting: SHB Michael Miller 0-0: Ball
1-0: Foul Ball, location: 2F
1-1: Fielders Choice at 2nd, 6-4 (Groundball, 6M)
Ben Fisher to third
Batting: LHB Bo Rush 0-0: Ball
1-0: Called Strike
1-1: Foul Ball, location: 2F
1-2: Ball
2-2: Strikes out swinging
Top of the 2nd over - 1 run(s), 3 hit(s), 0 error(s), 2 left on base; Saskatoon 1 - Eau Claire 0
BOTTOM OF THE 2ND
Eau Claire Esquires batting - Pitching for Saskatoon Smokin' Guns : RHP William Bryan
Batting: RHB Félix Gonzáles 0-0: Foul Ball, location: 2F
0-1: Foul Ball, location: 2F
0-2: Strikes out swinging
Batting: RHB Michael Thomas 0-0: Foul Ball, location: 2F
0-1: Fly out, F6 (Popup, 6M)
Batting: SHB Manuel Hegnauer 0-0: Ball
1-0: Fly out, F9 (Flyball, 89M)
Bottom of the 2nd over - 0 run(s), 0 hit(s), 0 error(s), 0 left on base; Saskatoon 1 - Eau Claire 0
TOP OF THE 3RD
Saskatoon Smokin' Guns batting - Pitching for Eau Claire Esquires : RHP Armando Torres
Batting: RHB Peter Bryant 0-0: Swinging Strike
0-1: Foul Ball, location: 2F
0-2: Ball
1-2: Strikes out looking
Batting: RHB Kenny Thompson 0-0: Ball
1-0: Called Strike
1-1: Swinging Strike
1-2: Ball
2-2: Ball
3-2: Base on Balls
Batting: LHB Raúl Casillán 0-0: Ball
1-0: Fielders Choice at 2nd, 6-4 (Groundball, 6M)
Batting: LHB José Liñares 0-0: Ball
1-0: Ball
2-0: Called Strike
2-1: Fly out, F9 (Flyball, 89XD)
Top of the 3rd over - 0 run(s), 0 hit(s), 0 error(s), 1 left on base; Saskatoon 1 - Eau Claire 0
BOTTOM OF THE 3RD
Eau Claire Esquires batting - Pitching for Saskatoon Smokin' Guns : RHP William Bryan
Batting: RHB Luis Pérez 0-0: Foul Ball, location: 2F
0-1: Foul Ball, location: 2F
0-2: Strikes out swinging
Batting: RHB Nelson Castro 0-0: Fly out, F9 (Popup, 34D)
Batting: RHB Esteban Lara 0-0: Called Strike
0-1: Ball
1-1: Ball
2-1: Called Strike
2-2: Strikes out looking
Bottom of the 3rd over - 0 run(s), 0 hit(s), 0 error(s), 0 left on base; Saskatoon 1 - Eau Claire 0
TOP OF THE 4TH
Saskatoon Smokin' Guns batting - Pitching for Eau Claire Esquires : RHP Armando Torres
Batting: LHB Russell Peck 0-0: Ground out 5-3 (Groundball, 5S)
Batting: RHB Ben Fisher 0-0: Ball
1-0: Foul Ball, location: 2F
1-1: Foul Ball, location: 2F
1-2: Strikes out swinging
Batting: RHB Xavier López 0-0: Called Strike
0-1: Foul Ball, location: 2F
0-2: Ball
1-2: Ball
2-2: Strikes out swinging
Top of the 4th over - 0 run(s), 0 hit(s), 0 error(s), 0 left on base; Saskatoon 1 - Eau Claire 0
BOTTOM OF THE 4TH
Eau Claire Esquires batting - Pitching for Saskatoon Smokin' Guns : RHP William Bryan
Batting: LHB John Frost 0-0: Fly out, F8 (Flyball, 8LM)
Batting: RHB Javier Reyes 0-0: SINGLE (Line Drive, 4)
Batting: SHB António De La Cruz 0-0: Called Strike
0-1: Foul Ball, location: 2F
0-2: Ball
Javier Reyes steals 2nd base
1-2: Foul Ball, location: 2F
1-2: Foul Ball, location: 2F
1-2: Ground out 4-3 (Groundball, 4)
Javier Reyes to third
Batting: RHB Félix Gonzáles 0-0: Ball
1-0: Fly out, F9 (Flyball, 9S)
Bottom of the 4th over - 0 run(s), 1 hit(s), 0 error(s), 1 left on base; Saskatoon 1 - Eau Claire 0
TOP OF THE 5TH
Saskatoon Smokin' Guns batting - Pitching for Eau Claire Esquires : RHP Armando Torres
Batting: SHB Michael Miller 0-0: Fly out, F9 (Line Drive, 89M)
Batting: LHB Bo Rush 0-0: Ball
1-0: Ball
2-0: SINGLE (Groundball, 34D)
Batting: RHB Peter Bryant 0-0: Called Strike
0-1: Foul Ball, location: 2F
0-2: Ball
1-2: Foul Ball, location: 2F
1-2: Strikes out swinging
Batting: RHB Kenny Thompson 0-0: Called Strike
0-1: Ball
1-1: Swinging Strike
1-2: Ball
2-2: Strikes out looking
Top of the 5th over - 0 run(s), 1 hit(s), 0 error(s), 1 left on base; Saskatoon 1 - Eau Claire 0
BOTTOM OF THE 5TH
Eau Claire Esquires batting - Pitching for Saskatoon Smokin' Guns : RHP William Bryan
Batting: RHB Michael Thomas 0-0: Fly out, F7 (Flyball, 7M)
Batting: SHB Manuel Hegnauer 0-0: Called Strike
0-1: Foul Ball, location: 2F
0-2: Ball
1-2: Strikes out swinging
Batting: RHB Luis Pérez 0-0: Ground out 6-3 (Groundball, 6)
Bottom of the 5th over - 0 run(s), 0 hit(s), 0 error(s), 0 left on base; Saskatoon 1 - Eau Claire 0
TOP OF THE 6TH
Saskatoon Smokin' Guns batting - Pitching for Eau Claire Esquires : RHP Armando Torres
Batting: LHB Raúl Casillán 0-0: Ball
1-0: Called Strike
1-1: Ball
2-1: SINGLE (Line Drive, 4D)
Batting: LHB José Liñares 0-0: Foul Ball, location: 2F
0-1: Ball
1-1: Ball
2-1: Ball
3-1: Base on Balls
Raúl Casillán to second
Pitching: RHP César Sánchez
Batting: LHB Russell Peck 0-0: Ball
1-0: Ball
2-0: Fielders Choice at 2nd, U6 (Groundball, 6M)
Raúl Casillán to third
Batting: RHB Ben Fisher 0-0: Ball
1-0: Called Strike
1-1: Fly out, F7 (Flyball, 78M)
Runner from 3rd tags up, SCORES, no throw
Batting: RHB Xavier López 0-0: Ball
1-0: Foul Ball, location: 2F
1-1: Ball
2-1: Ball
3-1: Base on Balls
Russell Peck to second
Batting: SHB Michael Miller 0-0: Ball
1-0: Ball
2-0: Called Strike
2-1: Called Strike
2-2: Strikes out swinging
Top of the 6th over - 1 run(s), 1 hit(s), 0 error(s), 2 left on base; Saskatoon 2 - Eau Claire 0
BOTTOM OF THE 6TH
Eau Claire Esquires batting - Pitching for Saskatoon Smokin' Guns : RHP William Bryan
Batting: RHB Nelson Castro 0-0: Ball
1-0: Called Strike
1-1: Ball
2-1: Swinging Strike
2-2: Ball
3-2: SINGLE (Groundball, 4M)
Batting: RHB Esteban Lara 0-0: Called Strike
Nelson Castro is caught stealing 2nd base
0-1: Foul Ball, location: 2F
0-2: Foul Ball, location: 2F
0-2: Ball
1-2: Fly out, F8 (Flyball, 89XD)
Batting: LHB John Frost 0-0: Ball
1-0: Ground out 6-3 (Groundball, 6)
Bottom of the 6th over - 0 run(s), 1 hit(s), 0 error(s), 0 left on base; Saskatoon 2 - Eau Claire 0
TOP OF THE 7TH
Saskatoon Smokin' Guns batting - Pitching for Eau Claire Esquires : RHP César Sánchez
Batting: LHB Bo Rush 0-0: Ball
1-0: Called Strike
1-1: Foul Ball, location: 2F
1-2: Ball
2-2: Ball
3-2: Foul Ball, location: 2F
3-2: Strikes out swinging
Batting: RHB Peter Bryant 0-0: Called Strike
0-1: Called Strike
0-2: Ball
1-2: Ball
2-2: Ball
3-2: SINGLE (Line Drive, 78S)
Batting: RHB Kenny Thompson 0-0: Ball
Wild Pitch!
Peter Bryant to second
1-0: Foul Ball, location: 2F
1-1: Called Strike
1-2: Foul Ball, location: 2F
1-2: Strikes out swinging
Batting: LHB Raúl Casillán 0-0: Swinging Strike
0-1: Foul Ball, location: 2F
0-2: Ball
1-2: Foul Ball, location: 2F
1-2: Ball
2-2: Ball
Wild Pitch!
Peter Bryant to third
3-2: Base on Balls
Batting: LHB José Liñares 0-0: Ball
1-0: Swinging Strike
1-1: 3-RUN HOME RUN (Flyball, 8LXD), Distance : 392 ft
Pitching: RHP Jesús Díaz
Batting: LHB Russell Peck 0-0: Ball
1-0: Fly out, F9 (Flyball, 89M)
Top of the 7th over - 3 run(s), 2 hit(s), 0 error(s), 0 left on base; Saskatoon 5 - Eau Claire 0
BOTTOM OF THE 7TH
Eau Claire Esquires batting - Pitching for Saskatoon Smokin' Guns : RHP William Bryan
Batting: RHB Javier Reyes 0-0: Ball
1-0: Ball
2-0: SINGLE (Line Drive, 78M)
Batting: SHB António De La Cruz 0-0: Called Strike
0-1: Foul Ball, location: 2F
0-2: Ball
1-2: Strikes out looking
Batting: RHB Félix Gonzáles 0-0: Ball
1-0: Called Strike
1-1: Ball
2-1: Foul Ball, location: 2F
2-2: Foul Ball, location: 2F
2-2: Ball
3-2: Strikes out swinging
Batting: RHB Michael Thomas 0-0: Ball
1-0: Called Strike
1-1: Foul Ball, location: 2F
1-2: Ball
2-2: Strikes out swinging
Bottom of the 7th over - 0 run(s), 1 hit(s), 0 error(s), 1 left on base; Saskatoon 5 - Eau Claire 0
TOP OF THE 8TH
Saskatoon Smokin' Guns batting - Pitching for Eau Claire Esquires : RHP Jesús Díaz
Batting: RHB Ben Fisher 0-0: Called Strike
0-1: Foul Ball, location: 2F
0-2: Ball
1-2: Strikes out swinging
Batting: RHB Xavier López 0-0: SINGLE (Groundball, 56D)
Batting: SHB Michael Miller 0-0: Ball
1-0: Ball
2-0: Ground out 3-1 (Groundball, 34S)
Xavier López to second
Batting: LHB Bo Rush 0-0: Called Strike
Xavier López is caught stealing 3rd base
Top of the 8th over - 0 run(s), 1 hit(s), 0 error(s), 0 left on base; Saskatoon 5 - Eau Claire 0
BOTTOM OF THE 8TH
Eau Claire Esquires batting - Pitching for Saskatoon Smokin' Guns : RHP William Bryan
Batting: SHB Manuel Hegnauer 0-0: Ball
1-0: Ball
2-0: Called Strike
2-1: Swinging Strike
2-2: Foul Ball, location: 2F
2-2: Strikes out swinging
Batting: RHB Luis Pérez 0-0: Ball
1-0: Called Strike
1-1: Fly out, F4 (Line Drive, 4)
Batting: RHB Nelson Castro 0-0: Called Strike
0-1: Foul Ball, location: 2F
0-2: Hit by Pitch
Pitching: RHP Alex Phillips
Batting: RHB Esteban Lara 0-0: Called Strike
0-1: Ball
1-1: Ball
2-1: Ball
3-1: Foul Ball, location: 2F
3-2: Base on Balls
Nelson Castro to second
Batting: LHB John Frost 0-0: Called Strike
0-1: Ball
1-1: Called Strike
1-2: Fly out, F8 (Flyball, 8RM)
Bottom of the 8th over - 0 run(s), 0 hit(s), 0 error(s), 2 left on base; Saskatoon 5 - Eau Claire 0
TOP OF THE 9TH
Saskatoon Smokin' Guns batting - Pitching for Eau Claire Esquires : RHP Jesús Díaz
Batting: LHB Bo Rush 0-0: Fly out, F8 (Flyball, 8LXD)
Batting: RHB Peter Bryant 0-0: DOUBLE (Line Drive, 89M)
Batting: RHB Kenny Thompson 0-0: Ball
1-0: Swinging Strike
1-1: Foul Ball, location: 2F
1-2: Ball
2-2: Ball
3-2: Base on Balls
Batting: LHB Raúl Casillán 0-0: Ball
1-0: Foul Ball, location: 2F
1-1: Ball
2-1: Foul Ball, location: 2F
2-2: Fly out, F4 (Popup, 34)
Batting: LHB José Liñares 0-0: Ball
1-0: Swinging Strike
1-1: Called Strike
1-2: Ground out 3-1 (Groundball, 34)
Top of the 9th over - 0 run(s), 1 hit(s), 0 error(s), 2 left on base; Saskatoon 5 - Eau Claire 0
BOTTOM OF THE 9TH
Eau Claire Esquires batting - Pitching for Saskatoon Smokin' Guns : RHP Alex Phillips
Now at C: Alvin Hampton
Batting: RHB Javier Reyes 0-0: Called Strike
0-1: Ground out 4-3 (Groundball, 4M)
Batting: SHB António De La Cruz 0-0: Called Strike
0-1: Foul Ball, location: 2F
0-2: Foul Ball, location: 2F
0-2: SOLO HOME RUN (Flyball, 89XD), Distance : 385 ft
Batting: RHB Félix Gonzáles 0-0: Foul Ball, location: 2F
0-1: Ball
1-1: Called Strike
1-2: Ball
2-2: Ball
3-2: Strikes out swinging
Batting: RHB Michael Thomas 0-0: Ground out 5-3 (Groundball, 5S)
Bottom of the 9th over - 1 run(s), 1 hit(s), 0 error(s), 0 left on base; Saskatoon 5 - Eau Claire 1
This league is powered by Out of the Park Baseball, the baseball management simulation game for PC, Mac and Linux
Tuesday, August 2nd, 2016 - OOTP Baseball 16.8 Build 38